 Dungeon Crawl Stone Soup version 0.31-a0-968-g24f9ace8b5 (webtiles) character file.

Game seed: 15363509591327805831

61684 Dittersdorf the Warrior (level 15, -15/84 HPs)
             Began as a Gargoyle Fighter on Oct 27, 2023.
             Was the Champion of Okawaru.
             Demolished by a tentacled starspawn (16 damage)
             ... on level 2 of the Abyss.
             The game lasted 00:34:49 (14375 turns).

Dittersdorf the Warrior (Gargoyle Fighter)         Turns: 14375, Time: 00:34:50

Health: -15/84     AC: 29    Str: 23    XL:     15   Next: 3%
Magic:  15/15      EV:  4    Int:  9    God:    Okawaru [******]
Gold:   1234       SH: 17    Dex:  5    Spells: 14/14 levels left

rFire   + . .        k - +2 eveningstar (freeze)
rCold   + . .        F - +2 tower shield {rC+}
rNeg    + . .        A - +4 chain mail {rF+}
rPois   ∞            l - +0 helmet
rElec   +            G - +0 cloak
rCorr   +            b - +0 pair of gloves
SInv    .            (no boots)
Will    +....        j - amulet of regeneration Stlth
                     h - ring of resist corrosion
HPRegen 1.14/turn    a - +4 ring of slaying
MPRegen 0.14/turn

%: random rage (9%)
@: about to teleport, on berserk cooldown, flying, slowed, constricted, studying
Ice Magic, very slow
A: sickness immunity, AC +11, big wings, negative energy resistance 1,
electricity resistance, torment resistance 1, petrification resistance, [berserk
2], [clumsy 2], [deformed body], [frail 2], [screaming 2], [weak 2], [subdued
magic 2]
a: Renounce Religion, Heroism, Finesse, Duel


You were on level 2 of the Abyss.
You worshipped Okawaru.
Okawaru was exalted by your worship.
You visited 2 branches of the dungeon, and saw 15 of its levels.
You visited the Abyss 1 time.
You also visited: Sewer, Ossuary, Gauntlet and Ice Cave.

You collected 1314 gold pieces.
You spent 80 gold pieces at shops.

Inventory:

Hand Weapons
 k - a +2 eveningstar of freezing (weapon)
Missiles
 n - 8 curare-tipped darts (quivered)
 z - 2 throwing nets
Armour
 b - a +0 pair of gloves (worn)
 l - a +0 helmet (worn)
 A - a +4 chain mail of fire resistance (worn)
 F - a +2 tower shield of cold resistance (worn)
 G - a +0 cloak (worn)
Jewellery
 a - a +4 ring of slaying (right hand)
 h - a ring of resist corrosion (left hand)
 j - an amulet of regeneration (around neck)
 t - the ring "Laneapp" {Ice rPois Will- rCorr Stlth+}
   (You found it in a Gauntlet)

   [ring of ice]

   Ice:       It enhances your ice magic.
   rF-:       It makes you vulnerable to fire.
   rC+:       It protects you from cold.
   rPois:     It protects you from poison Will-: It decreases your willpower.
   rCorr:     It protects you from acid and corrosion.
   Stlth+:    It makes you more stealthy.
 D - a ring of protection from fire
Wands
 J - a wand of light (11)
Scrolls
 e - 3 scrolls of fear
 g - 5 scrolls of teleportation
 i - a scroll of poison
 q - a scroll of summoning
 s - a scroll of revelation
 y - a scroll of fog
 C - 3 scrolls of identify
 H - a scroll of enchant armour
 I - a scroll of enchant weapon
Potions
 c - a potion of curing
 d - 2 potions of invisibility
 f - 2 potions of resistance
 m - 4 potions of brilliance
 o - 2 potions of heal wounds
 p - 3 potions of enlightenment
 u - a potion of mutation
 x - a potion of haste
 B - 3 potions of ambrosia


   Skills:
 + Level 16.6 Fighting
 + Level 12.6 Maces & Flails
 + Level 13.8 Armour
 + Level 13.9 Shields


You had 14 spell levels left.
You didn't know any spells.
Your spell library contained the following spells:

 Spells                   Type           Power      Damage    Failure   Level
 Blink                    Tloc           0%         N/A       99%         2
 Lesser Beckoning         Tloc           0%         N/A       99%         2
 Momentum Strike          Conj/Tloc      0%         3d8       99%         2
 Ignite Poison            Fire/Tmut/Pois 0%         N/A       100%        3
 Ozocubu's Armour         Ice            0%         N/A       100%        3
 Sticky Flame             Conj/Fire      0%         2d3       100%        4
 Lee's Rapid Deconstruct  Erth           0%         3d4*      100%        5
 Orb of Destruction       Conj           0%         9d5       100%        7
 Ozocubu's Refrigeration  Ice            0%         4d7       100%        7
 Ignition                 Fire           0%         3d3       100%        8
 Polar Vortex             Ice            0%         N/A       100%        9
 Summon Guardian Golem    Hex/Summ       Unusable   N/A       N/A         3
 Animate Armour           Summ/Erth      Unusable   N/A       N/A         4
 Summon Lightning Spire   Summ/Air       Unusable   N/A       N/A         4
 Simulacrum               Ice/Necr       Unusable   N/A       N/A         6
 Spellforged Servitor     Conj/Summ      Unusable   N/A       N/A         7

Dungeon Overview and Level Annotations

Branches:
Dungeon (10/15)            Temple (0/1) D:7            Lair (5/5) D:9
  Swamp (0/4) Lair:2       Spider (0/4) Lair:3        Slime (0/5) Lair:5
    Orc (0/2) D:9           Sewer (visited)         Ossuary (visited)
  IceCv (visited)         Gauntlet (visited)

Altars:
Cheibriados
Dithmenos
Elyvilon
Fedhas
Hepliaklqana
Kikubaaqudgha
Makhleb
Okawaru
Sif Muna
Trog
Wu Jian
Yredelemnul
Zin
Lugonu

Shops:
D:1 ?   D:3 *   D:9 *

Portals:
Abyss: D:10

Annotations:
Lair:1 2 transporters, Runia's ghost, journeyman GnRe Gauntlet 9 transporters, 2 runed translucent doors, exclusion: lightning spire


Innate Abilities, Weirdness & Mutations

You are immune to sickness and miasma.
Your stone body is resilient. (AC +11)
You are immune to poison.
Your large and strong wings let you fly.
You resist negative energy. (rN+)
You are resistant to electric shocks. (rElec)
You are resistant to unholy torment.
You are immune to petrification.
[You have an uncontrollable temper.]
[You are very clumsy. (Dex -4)]
[Armour fits poorly on your strangely shaped body.]
[You are very frail. (-20% HP)]
[You frequently scream uncontrollably at your foes.]
[You are very weak. (Str -4)]
[Your spells are easier to cast, but less powerful.]


Message History

The small abomination hits you but does no damage.
The starspawn tentacle constricts you.
You block the tentacled starspawn's attack.
The tentacled starspawn tentacle-slaps you but does no damage.
The small abomination hits you! You block the raiju's attack.
The raiju bites you but does no damage.
You bludgeon the raiju!! You freeze the raiju.
The raiju is heavily wounded.
The starspawn tentacle constricts you.
The tentacled starspawn bites you but does no damage.
You block the tentacled starspawn's attack.
The raiju bites you but does no damage.
You block the small abomination's attack.
The starspawn tentacle constricts you.
You completely miss the raiju. The tentacled starspawn bites you!!
* * * LOW HITPOINT WARNING * * *
The tentacled starspawn barely misses you.
You block the raiju's attack. The small abomination hits you.
* * * LOW HITPOINT WARNING * * *
The starspawn tentacle constricts you.
You block the tentacled starspawn's attack.
The tentacled starspawn tentacle-slaps you but does no damage.
The small abomination hits you but does no damage.
You block the raiju's attack.
You impale the raiju!! You freeze the raiju!
The raiju is severely wounded.
The starspawn tentacle constricts you.
The tentacled starspawn bites you but does no damage.
The tentacled starspawn tentacle-slaps you but does no damage.
The raiju bites you but does no damage.
The small abomination barely misses you.
The starspawn tentacle constricts you.
You miss the raiju.
The raiju is severely wounded.
You block the tentacled starspawn's attack.
The tentacled starspawn tentacle-slaps you!
* * * LOW HITPOINT WARNING * * *
The small abomination hits you but does no damage.
The starspawn tentacle constricts you. The tentacled starspawn bites you!
You die...

.. .#..
... ## ##
..#
..###.##..
.§#.#.. ##
.§#.##.##
.
##hw....#
..##
#h@x\.#.#
#. .
##Xw#>..#
#
*#──###..
##...## .
###.#
#.#.# #x
#...# X. │
.#..# #<
/. #..# #


You could see a tentacled starspawn, a wretched star, 2 raiju, a small
abomination and 2 starspawn tentacles.

Vanquished Creatures
  A reaper (IceCv)
  Snorg (Lair:5)
  A great orb of eyes (Abyss:2)
  Erolcha (D:9)
  Harold (Lair:2)
  3 hydras
  A two-headed ogre (D:8)
  A centaur warrior (D:6)
  5 death yaks (Lair:2)
  A demonic crawler (Abyss:2)
  Urug (D:10)
  A thrashing horror (Abyss:2)
  Sonja (D:10)
  A skeletal warrior (D:6)
  A wretched star (Abyss:2)
  Pikel (D:9)
  4 large abominations (Abyss:2)
  An ugly thing (D:10)
  A manticore (shapeshifter) (D:7)
  A manticore (Lair:2)
  A toenail golem (Abyss:2)
  An ice statue (IceCv)
  4 black mambas
  A smoke demon (Abyss:2)
  13 cane toads
  Maggie (D:8)
  4 kobold demonologists
  An unseen horror (D:7)
  5 rime drakes
  2 tengu conjurers (D:10)
  Psyche (D:10)
  4 komodo dragons
  An unseen horror zombie (D:8)
  An anaconda simulacrum (IceCv)
  A red devil (Gauntlet)
  2 queen bees
  A troll (D:10)
  Prince Ribbit (D:6)
  Grinder (D:6)
  18 blink frogs
  3 tyrant leeches (Lair:5)
  A hornet (Lair:2)
  3 raiju (Abyss:2)
  2 jumping spiders (Lair:3)
  37 yaks
  A vampire (D:10)
  2 wraiths
  7 wyverns
  2 dire elephant simulacra (IceCv)
  2 steam dragons
  A ynoxinul (Abyss:2)
  7 basilisks
  Eustachio (D:6)
  6 vampire mosquitoes
  2 death yak simulacra (IceCv)
  2 redbacks (Lair:3)
  Edmund (D:4)
  Menkaure (D:4)
  A chaos spawn (Abyss:2)
  2 hydra simulacra (IceCv)
  13 water moccasins
  An acid dragon (D:9)
  3 ice beasts
  A black bear (D:6)
  A sky beast (D:7)
  3 orc warriors
  16 wolves
  3 centaurs
  A hornet zombie (D:8)
  2 lemures (D:9)
  A phantom (D:5)
  Blork the orc (D:5)
  2 elf zombies (Ossuary)
  14 kobold brigands
  12 bullfrogs
  2 gnoll sergeants
  2 necrophages (D:8)
  2 scorpions
  3 two-headed ogre simulacra (IceCv)
  2 cane toad simulacra (IceCv)
  8 wights (D:8)
  Dowan (D:5)
  An elephant simulacrum (IceCv)
  31 killer bees
  2 electric eels (Lair:5)
  4 howler monkeys
  3 crimson imps (Gauntlet)
  2 centaur zombies
  A quasit (Abyss:2)
  6 hounds
  3 jellies
  2 human zombies
  6 orc priests
  9 starcursed masses (Abyss:2)
  A gnoll bouda (D:7)
  4 sleepcaps
  Terence (D:3)
  2 iguanas (D:5)
  9 orc wizards
  4 spriggan simulacra (IceCv)
  3 polar bear simulacra (IceCv)
  3 troll simulacra (IceCv)
  A killer bee zombie (D:8)
  A wolf simulacrum (IceCv)
  2 mummies (Ossuary)
  A howler monkey zombie (D:8)
  9 gnolls
  7 adders
  3 river rats
  8 naga simulacra (IceCv)
  A shadow imp (D:8)
  19 white imps
  10 ufetubi
  3 adder zombies (Ossuary)
  2 dart slugs
  36 orcs
  3 endoplasms
  5 giant cockroaches (D:5)
  4 goblins
  4 hobgoblins
  13 jackals
  A quokka (D:3)
  5 ball pythons
  5 bats
  3 frilled lizards
  A goblin zombie (Ossuary)
  8 hobgoblin zombies (Ossuary)
  35 kobolds
  13 kobold zombies (Ossuary)
  7 orc zombies (Ossuary)
  5 rats
  A rat zombie (Ossuary)
584 creatures vanquished.

Vanquished Creatures (collateral kills)
  Duvessa (D:5)
1 creature vanquished.

Vanquished Creatures (others)
  An ufetubus (IceCv)
  2 starspawn tentacles (Abyss:2)
3 creatures vanquished.

Grand Total: 588 creatures vanquished

Notes
Turn   | Place    | Note
-------+----------+-------------------------------------------
     0 | D:1      | Dittersdorf the Gargoyle Fighter began the quest for the
                  | Orb.
     0 | D:1      | Reached XP level 1. HP: 14/14 MP: 1/1
   158 | D:1      | Found Laohash's Magic Scroll Shoppe.
   265 | D:1      | Reached XP level 2. HP: 19/19 MP: 2/2
   645 | D:2      | Reached XP level 3. HP: 22/23 MP: 3/3
   700 | D:2      | Found a faded altar of an unknown god.
  1301 | D:3      | Reached XP level 4. HP: 29/29 MP: 4/4
  1391 | D:3      | Noticed Terence
  1408 | D:3      | Killed Terence
  1409 | D:3      | Reached skill level 4 in Fighting
  1520 | D:3      | Reached XP level 5. HP: 33/33 MP: 5/5
  1542 | D:3      | Found a transporter.
  1544 | D:3      | Found Obiore Kykh's Assorted Antiques.
  1566 | D:3      | Found a transporter.
  1828 | D:4      | Found a glowing silver altar of Zin.
  1892 | D:4      | Found a sand-covered staircase.
  1894 | D:4      | Noticed Menkaure
  1913 | D:4      | Killed Menkaure
  1914 | D:4      | Reached XP level 6. HP: 37/39 MP: 6/6
  1947 | Ossuary  | Entered an ossuary
  2122 | Ossuary  | Reached skill level 5 in Fighting
  2122 | Ossuary  | Reached skill level 5 in Armour
  2122 | Ossuary  | Reached skill level 5 in Shields
  2135 | Ossuary  | Reached XP level 7. HP: 43/44 MP: 7/7
  2509 | D:4      | Noticed Edmund
  2536 | D:4      | Killed Edmund
  2634 | D:5      | Entered Level 5 of the Dungeon
  2646 | D:5      | Noticed Duvessa
  2648 | D:5      | Noticed Dowan
  2656 | D:5      | Killed Duvessa
  2665 | D:5      | Killed Dowan
  2666 | D:5      | Reached XP level 8. HP: 51/51 MP: 8/8
  2708 | D:5      | Reached skill level 6 in Fighting
  2805 | D:5      | Found an iron altar of Okawaru.
  2811 | D:5      | Became a worshipper of Warmaster Okawaru
  2825 | D:5      | Reached skill level 5 in Maces & Flails
  2904 | D:5      | Noticed Blork the orc
  2913 | D:5      | Killed Blork the orc
  2916 | D:5      | Found a glowing drain.
  2938 | Sewer    | Entered a sewer
  3032 | Sewer    | Found a white marble altar of Elyvilon.
  3282 | D:5      | Found a shadowy altar of Dithmenos.
  3448 | D:6      | Noticed Prince Ribbit
  3454 | D:6      | Killed Prince Ribbit
  3486 | D:6      | Reached * piety under Okawaru
  3487 | D:6      | Reached XP level 9. HP: 56/56 MP: 9/9
  3488 | D:6      | Reached skill level 7 in Fighting
  3591 | D:6      | Found a burning altar of Makhleb.
  3659 | D:6      | Noticed Eustachio
  3676 | D:6      | Killed Eustachio
  3821 | D:6      | Noticed Grinder
  3829 | D:6      | Killed Grinder
  3837 | D:6      | Reached ** piety under Okawaru
  4094 | D:7      | Found a staircase to the Ecumenical Temple.
  4166 | D:7      | Found a blossoming altar of Fedhas.
  4432 | D:7      | Reached skill level 8 in Fighting
  4488 | D:7      | Noticed a kobold demonologist
  4500 | D:7      | Noticed a red devil
  4504 | D:7      | Noticed a hellwing
  4505 | D:7      | Killed a kobold demonologist
  4505 | D:7      | Reached *** piety under Okawaru
  4506 | D:7      | Reached XP level 10. HP: 55/64 MP: 10/10
  4514 | D:7      | Noticed a salamander
  4516 | D:7      | a salamander changed into a manticore
  4516 | D:7      | Noticed a manticore (shapeshifter)
  4519 | D:7      | Killed a manticore
  4638 | D:7      | Killed an unseen horror
  4716 | D:7      | Found a basalt altar of Yredelemnul.
  5001 | D:7      | Noticed a skeletal warrior
  5003 | D:7      | Noticed a centaur warrior
  5040 | D:6      | Killed a skeletal warrior
  5041 | D:6      | Reached skill level 9 in Fighting
  5089 | D:6      | Killed a centaur warrior
  5089 | D:6      | Reached **** piety under Okawaru
  5293 | D:8      | Noticed a kobold demonologist
  5309 | D:8      | Noticed a soul eater
  5318 | D:8      | Killed a kobold demonologist
  5453 | D:8      | Reached XP level 11. HP: 71/71 MP: 11/11
  5490 | D:8      | Found an ancient bone altar of Kikubaaqudgha.
  5534 | D:8      | Noticed a two-headed ogre
  5542 | D:8      | Killed a two-headed ogre
  5543 | D:8      | Reached skill level 10 in Fighting
  5543 | D:8      | Reached skill level 10 in Shields
  5565 | D:8      | Found a white marble altar of Elyvilon.
  5609 | D:8      | Noticed Maggie
  5620 | D:8      | Killed Maggie
  5620 | D:8      | Reached ***** piety under Okawaru
  5621 | D:8      | Reached skill level 10 in Armour
  5644 | D:8      | Identified the +1 mace of Gishras {elec, rF++ rC+ Int+2}
  5832 | D:8      | Found a hazy altar of Hepliaklqana.
  5931 | D:8      | Identified the +5 whip "Qyloxy" {spect, rElec MP+9 Stlth+}
  6298 | D:8      | Reached skill level 13 in Fighting
  6298 | D:8      | Reached XP level 12. HP: 84/84 MP: 12/12
  6430 | D:9      | Found Adwaitt's General Store.
  6468 | D:9      | Bought a potion of heal wounds for 80 gold pieces
  6497 | D:9      | Noticed Erolcha
  6542 | D:9      | Killed Erolcha
  6654 | D:9      | Found a staircase to the Lair.
  6655 | D:9      | Noticed Pikel
  6672 | D:9      | Killed Pikel
  6672 | D:9      | Received a gift from Okawaru
  6673 | D:9      | Reached skill level 14 in Fighting
  6696 | D:9      | Found a staircase to the Orcish Mines.
  7251 | D:10     | Entered Level 10 of the Dungeon
  7286 | D:10     | Found an ornate altar of the Wu Jian Council.
  7309 | D:10     | Found a bloodstained altar of Trog.
  7338 | D:10     | Noticed Urug
  7363 | D:10     | Killed Urug
  7424 | D:10     | Noticed Sonja
  7451 | D:10     | Killed Sonja
  7605 | D:10     | Found a large runed translucent door.
  7606 | D:10     | Found a large runed translucent door.
  7607 | D:10     | Found a corrupted altar of Lugonu.
  7658 | D:10     | Noticed Psyche
  7666 | D:10     | Killed Psyche
  7796 | D:10     | Found a one-way gate to the infinite horrors of the Abyss.
  7796 | D:10     | Identified the +7 dagger of Insufficient Pleasure {distort,
                  | +Blink rElec Stlth+}
  7844 | D:10     | Received a gift from Okawaru
  7845 | D:10     | Reached XP level 13. HP: 81/91 MP: 13/13
  7910 | D:10     | Found the sphere of Battle
  8019 | D:10     | Found a snail-covered altar of Cheibriados.
  8019 | D:10     | Found a shimmering blue altar of Sif Muna.
  8397 | D:10     | Reached skill level 10 in Maces & Flails
  8923 | Lair:1   | Entered Level 1 of the Lair of Beasts
  9146 | Lair:1   | Found a transporter.
  9150 | Lair:1   | Noticed Runia's ghost (journeyman GnRe)
  9230 | Lair:1   | Found a transporter.
  9682 | Lair:2   | Noticed Harold
  9725 | Lair:2   | HP: 4/91 [Harold/+0 halberd (8)]
  9873 | Lair:2   | Killed Harold
  9873 | Lair:2   | Reached ****** piety under Okawaru
  9873 | Lair:2   | Received a gift from Okawaru
  9888 | Lair:2   | Acquired a +4 chain mail of fire resistance
  9888 | Lair:2   | Received a gift from Okawaru
  9901 | Lair:2   | Acquired a +2 eveningstar of pain
  9901 | Lair:2   | Received a gift from Okawaru
  9966 | Lair:2   | Reached skill level 15 in Fighting
 10305 | Lair:2   | Found a staircase to the Swamp.
 10790 | Lair:2   | Received a gift from Okawaru
 10850 | Lair:3   | Found a frozen archway.
 10872 | Lair:3   | HP: 2/92 [white imp (5)]
 10901 | IceCv    | Entered an ice cave
 11101 | IceCv    | Identified the +9 falchion "Hoanitib" {pain, *Noise rF+ rN+
                  | Stlth+}
 11347 | IceCv    | Received a gift from Okawaru
 11352 | IceCv    | Gained mutation: Your large and strong wings let you fly.
                  | [Gargoyle growth]
 11352 | IceCv    | Reached XP level 14. HP: 92/98 MP: 14/14
 11425 | IceCv    | Noticed a reaper
 11525 | IceCv    | Killed a reaper
 11688 | Lair:3   | Found a hole to the Spider Nest.
 12532 | Lair:4   | Received a gift from Okawaru
 12911 | Gauntlet | Identified the "Yxta"
 12911 | Gauntlet | Identified the "Dopt"
 12911 | Lair:5   | Entered Level 5 of the Lair of Beasts
 12967 | Lair:5   | Reached skill level 16 in Fighting
 13043 | Lair:5   | Noticed Snorg
 13056 | Lair:5   | HP: 1/100 [Snorg (14)]
 13071 | Lair:5   | Killed Snorg
 13109 | Lair:5   | Received a gift from Okawaru
 13290 | Lair:5   | Found a gate leading to a gauntlet.
 13337 | Gauntlet | Entered a Gauntlet
 13337 | Gauntlet | Found a transporter.
 13359 | Gauntlet | Found a transporter.
 13364 | Gauntlet | Found a runed translucent door.
 13364 | Gauntlet | Found a runed translucent door.
 13369 | Gauntlet | Found a transporter.
 13372 | Gauntlet | Found a transporter.
 13384 | Gauntlet | Found a transporter.
 13402 | Gauntlet | Found a transporter.
 13413 | Gauntlet | Found a transporter.
 13423 | Gauntlet | Found a transporter.
 13442 | Gauntlet | Found a transporter.
 13456 | Gauntlet | Found a transporter.
 13456 | Gauntlet | Found a transporter.
 13505 | Gauntlet | Found a transporter.
 13523 | Gauntlet | Found a transporter.
 13531 | Gauntlet | Found a transporter.
 13625 | Gauntlet | Identified the ring "Laneapp" {Ice rPois Will- rCorr
                  | Stlth+}
 13653 | Gauntlet | Received a gift from Okawaru
 13672 | Abyss:2  | Cast into level 2 of the Abyss (an occultist)
 13913 | Abyss:2  | Found a corrupted altar of Lugonu.
 13943 | Abyss:2  | Found a corrupted altar of Lugonu.
 13954 | Abyss:2  | Noticed a starcursed mass
 14131 | Abyss:2  | Noticed a starcursed mass
 14177 | Abyss:2  | Noticed a revenant
 14181 | Abyss:2  | Reached XP level 15. HP: 24/105 MP: 15/15
 14189 | Abyss:2  | Found a candlelit altar of Ignis.
 14261 | Abyss:2  | Noticed a bone dragon
 14355 | Abyss:2  | Noticed a tentacled starspawn
 14375 | Abyss:2  | HP: 1/84 [tentacled starspawn (14)]
 14375 | Abyss:2  | Demolished by a tentacled starspawn

Illustrated notes

Levels and vault maps discovered:
D:1:      erik_arrival_blinker_ship, layout_rooms, serial_forest,
          infiniplex_forest_lined_2, infiniplex_forest_straight_1,
          infiniplex_forest_clump_C, infiniplex_forest_straight_5, serial_shops,
          shop
D:2:      layout_basic, hellmonk_ecumenical_altar_heavens_door
D:3:      layout_rooms, serial_shops, nicolae_shop_drivethru,
          lightli_corner_chamber, uniq_terence
D:4:      layout_basic, mainiacjoe_overflow_tiny_flanked, enter_ossuary_3,
          uniq_edmund, uniq_menkaure
D:5:      nicolae_cairo_tiling, layout_rooms, kennysheep_mini,
          lemuel_tele_altar, gup_sewer_entry_glass, uniq_duvessa,
          uniq_blork_the_orc
D:6:      layout_loops_cross, mainiacjoe_overflow_catwalk,
          minmay_misc_feat_encased, uniq_eustachio, uniq_grinder,
          uniq_prince_ribbit1
D:7:      nzn_winding_woodlands_stair_cross [nzn_winding_woodlands_5x15_garden,
          nzn_winding_woodlands_center_diamonds,
          nzn_winding_woodlands_5x15_jagged, nzn_winding_woodlands_5x5_default,
          nzn_winding_woodlands_hourglass, nzn_winding_woodlands_5x15_parted,
          nzn_winding_woodlands_center_triple_pond,
          nzn_winding_woodlands_5x15_twine], layout_gridville,
          fedhas_ov_isle_minmay, kennysheep_mini_moat, minmay_temple_entry_glass
D:8:      layout_loops_corners, lemuel_mausoleum_altar_kikubaaqudgha,
          marbit_many_paths, elyvilon_altar_3, special_room
          [special_room_kobold], grunt_ministairs_8, uniq_maggie
D:9:      layout_roguey, dpeg_oklobed_lair, serial_shops, shop_statue,
          uniq_pikel, uniq_erolcha
D:10:     due_chaos_kobolds, layout_long_grid,
          mainiacjoe_overflow_concentric_impassable,
          nicolae_overflow_two_pavilions, bloody_trog,
          hellmonk_guarded_unrand_sphere_of_battle, uniq_sonja, uniq_urug,
          uniq_psyche
Lair:1:   layout_chaotic_city, gammafunk_ghost_arena
Lair:2:   regret_index_tunnel_blossom, layout_misc_corridors, swamp_mist,
          minivault_24, st_stairs_8, minivault_19, uniq_harold
Lair:3:   layout_big_grid, spider_nest_entry_a, portal_ice_cave_entry_imps,
          serial_bayou_shore_b
Lair:4:   layout_long_grid
Lair:5:   minmay_lair_end_frog_pond, layout_regular_city, slime_entry_1,
          gauntlet_entry_generic, uniq_snorg
Abyss:2:  base: D:11, spicy_abyss_helpful_harpoons, hangedman_decor_riveting,
          hangedman_decor_riveting, hangedman_abyss_exit_choices,
          guppyfry_abyss_exit_glass_guarded, abyss_furniture_001,
          hangedman_steaming_rock
Gauntlet: minmay_gauntlet_77_tree [minmay_gauntlet_arena_77_two_lines,
          minmay_gauntlet_arena_77_double_cross,
          minmay_gauntlet_arena_77_shame_cube,
          minmay_gauntlet_arena_77_terracotta_army,
          minmay_gauntlet_arena_77_mess, minmay_gauntlet_arena_77_p_blocks,
          minmay_gauntlet_arena_77_squiggly,
          nicolae_gauntlet_exit_dead_adventurers]

Skill      XL: |  1  2  3  4  5  6  7  8  9 10 11 12 13 14 |
---------------+-------------------------------------------+-----
Fighting       | 4 5 6 8 9 13 14 15 16 | 16.6
Armour         | 4 5 6 8 9 10 11 12 13 | 13.8
Shields        | 4 5 7 8 9 10 11 12 13 | 13.9
Maces & Flails | 3 4 5 7 8 9 11 12 | 12.6

Action                     |  1- 3 |  4- 6 |  7- 9 | 10-12 | 13-15 || total
---------------------------+-------+-------+-------+-------+-------++-------
  Melee: Flail             |   139 |   175 |   272 |   167 |       ||   753
         Whip              |       |    17 |       |   284 |   166 ||   467
         Mace              |       |       |       |    19 |       ||    19
         Eveningstar       |       |       |       |       |   881 ||   881
  Throw: Dart              |       |       |     2 |     3 |     1 ||     6
 Invoke: Heroism           |       |       |       |     3 |     3 ||     6
         Receive Weapon    |       |       |       |       |     1 ||     1
         Receive Armour    |       |       |       |       |     1 ||     1
    Use: Scroll            |       |     4 |    11 |     7 |    13 ||    35
         Potion            |       |       |       |     7 |     4 ||    11
   Stab: Distracted        |       |       |       |       |     2 ||     2
 Armour: Scale mail        |    91 |       |       |       |       ||    91
         Chain mail        |    33 |   272 |   260 |   328 |  1037 ||  1930
  Dodge: Dodged            |    76 |   148 |   117 |   121 |   397 ||   859
  Block: Buckler           |    35 |    71 |    78 |    91 |   153 ||   428
         Tower shield      |       |       |       |       |   780 ||   780

Table legend: (Time is in decaauts)
 A = Elapsed time spent in this place.
 B = Non-inter-level travel time spent in this place.
 C = Inter-level travel time spent in this place.
 D = Time resting spent in this place.
 E = Time spent auto-exploring this place.
 F = Levels seen in this place.
 G = Mean time per level.
                   A        B        C        D        E       F      G
               +--------+--------+--------+--------+--------+-----+--------+
         Total |  14415 |  13575 |    840 |    759 |   8056 |  20 |  720.8 |
       Dungeon |   8409 |   7622 |    787 |    256 |   5168 |  10 |  840.9 |
          Lair |   3605 |   3552 |     53 |     91 |   2154 |   5 |  721.0 |
         Abyss |    710 |    710 |      0 |    331 |      0 |   1 |  710.0 |
         Sewer |    238 |    238 |      0 |      0 |    133 |   1 |  238.0 |
       Ossuary |    328 |    328 |      0 |      2 |    101 |   1 |  328.0 |
      Ice Cave |    787 |    787 |      0 |     79 |    298 |   1 |  787.0 |
      Gauntlet |    335 |    335 |      0 |      0 |    201 |   1 |  335.0 |
               +--------+--------+--------+--------+--------+-----+--------+

Top non-repeatable levels by time:
     D:8: 1229 daAuts
    D:10: 1204 daAuts
     D:7: 1052 daAuts
  Lair:2: 1004 daAuts
     D:9: 893 daAuts
     D:6: 852 daAuts
  Lair:1: 835 daAuts
   IceCv: 787 daAuts
  Lair:3: 714 daAuts
 Abyss:2: 710 daAuts
     D:3: 693 daAuts
     D:4: 673 daAuts
     D:5: 656 daAuts
     D:2: 644 daAuts
  Lair:4: 619 daAuts
